 Dungeon Crawl Stone Soup version 0.29.0-11-gd7f09526c8 (webtiles) character file.

Game seed: 11304673478745666694

6571 Gabide the Covert (level 11, -5/156 HPs)
             Began as a Naga Monk on Sept 5, 2022.
             Was an Elder of Dithmenos.
             Killed by divine providence
             ... invoked by an orc priest
              (12 damage)
             ... on level 9 of the Dungeon.
             The game lasted 00:28:50 (13683 turns).

Gabide the Covert (Naga Monk)                      Turns: 13683, Time: 00:28:50

Health: -5/156     AC:  9    Str: 13    XL:     11   Next: 1%
Magic:  0/11       EV: 15    Int:  9    God:    Dithmenos [****..]
Gold:   247        SH:  0    Dex: 25    Spells: 10/10 levels left

rFire   + + .      SeeInvis +   a - +5 rapier "Orb Guardian's Regret" {holy, Dex+7}
rCold   . . .      Faith    .   (no shield)
rNeg    . . .      Spirit   +   x - +2 robe {Will+}
rPois   +          Reflect  .   y - +1 helmet
rElec   .          Harm     .   (no cloak)
rCorr   .          Rampage  .   t - +0 pair of gloves
Will    +++..                   (no barding)
Stlth   ..........              d - amulet of guardian spirit
HPRegen 0.36/turn               l - ring of protection from fire
MPRegen 0.12/turn               q - ring of willpower

@: berserking, wreathed by umbra, quick
A: AC +3, large, see invisible, deformed body, poison resistance, slowness 2,
spit poison 1, naga tail 1, dopey 1, fire resistance 1
a: Spit Poison, Renounce Religion, Shadow Step


You were on level 9 of the Dungeon.
You worshipped Dithmenos.
Dithmenos was greatly pleased with you.
You visited 2 branches of the dungeon, and saw 10 of its levels.

You collected 652 gold pieces.
You spent 405 gold pieces at shops.

Inventory:

Hand Weapons
 a - the +5 rapier "Orb Guardian's Regret" (weapon) {holy, Dex+7}
   (You found it on level 8 of the Dungeon)

   It has been blessed by the Shining One to cause great damage to the undead
   and demons.
   Dex:       It affects your dexterity (+7).
 b - a +0 sling
 D - a +4 short sword
 G - a +0 dagger of venom
Missiles
 c - 11 boomerangs
 g - 26 poisoned darts
 k - 10 atropa-tipped darts
 C - a throwing net
Armour
 t - a +0 pair of gloves (worn)
 x - a +2 robe of willpower (worn)
 y - a +1 helmet (worn)
Jewellery
 d - an amulet of guardian spirit (around neck)
 l - a ring of protection from fire (left hand)
 q - a ring of willpower (right hand)
Wands
 h - a wand of paralysis (13)
 w - a wand of iceblast (4)
 z - a wand of mindburst (8)
 A - a wand of flame (25)
Scrolls
 f - 2 scrolls of teleportation
 j - 2 scrolls of magic mapping
 m - a scroll of immolation
 o - 2 scrolls of brand weapon {unknown}
 p - a scroll of enchant armour
 H - 2 scrolls of identify
Potions
 e - a potion of cancellation
 i - 4 potions of mutation
 n - 3 potions of brilliance
 r - a potion of lignification
 s - 3 potions of magic
 u - 3 potions of heal wounds {unknown}
 v - 3 potions of curing
 B - 2 potions of might
 E - a potion of attraction
 F - a potion of flight {unknown}
Miscellaneous
 J - a phantom mirror


   Skills:
 + Level 8.8 Fighting
 + Level 8.8 Short Blades
 + Level 7.3 Dodging
 + Level 12.9 Stealth


You had 10 spell levels left.
You didn't know any spells.
Your spell library contained the following spells:

 Spells                   Type           Power      Damage    Failure   Level
 Static Discharge         Conj/Air       0%         3-3/arc   52%         2
 Call Canine Familiar     Summ           0%         N/A       77%         3
 Portal Projectile        Hex/Tloc       0%         N/A       77%         3
 Dispel Undead            Necr           0%         3d6       99%         4
 Leda's Liquefaction      Hex/Erth       0%         N/A       99%         4
 Sticky Flame             Conj/Fire      0%         2d3       99%         4


Dungeon Overview and Level Annotations

Branches:
Dungeon (9/15)             Temple (1/1) D:7            Lair (0/5) D:8
    Orc: D:9-12

Altars:
Ashenzari
Cheibriados
Dithmenos
Elyvilon
Fedhas
Gozag
Hepliaklqana
Kikubaaqudgha
Makhleb
Nemelex Xobeh
Qazlal
Ru
Sif Muna
Trog
Uskayaw
Vehumet
Wu Jian
Xom
Zin
The Shining One

Shops:
D:1 [   D:7 !**:

Annotations:
D:2 Sigmund


Innate Abilities, Weirdness & Mutations

Your serpentine skin is tough. (AC +3)
You have supernaturally acute eyesight. (SInv)
Armour fits poorly on your strangely shaped body.
Your system is resistant to poisons. (rPois)
You cover ground very slowly.
You can spit poison.
You have a snake-like lower body.
You are dopey. (Int -2)
Your flesh is heat resistant. (rF+)


Message History

The orc warrior hits you with a +0 glaive.
You hit the orc warrior.
The orc warrior is moderately wounded.
Your shadow hits the orc warrior with a rapier.
The orc warrior barely misses you.
You hit the orc warrior but do no damage.
The orc warrior is moderately wounded.
You hit the orc warrior but do no damage.
The orc warrior is moderately wounded.
The orc warrior hits you with a +0 glaive!
You puncture the orc warrior!
The orc warrior is heavily wounded.
The orc warrior misses you.
You hit the orc warrior.
The orc warrior is severely wounded.
The orc warrior misses you.
A steam dragon comes into view.
You closely miss the orc warrior.
The orc warrior is severely wounded.
You closely miss the orc warrior.
The orc warrior is severely wounded.
The orc warrior hits you with a +0 glaive!
* * * LOW HITPOINT WARNING * * *
The steam dragon hisses angrily.
You hit the orc warrior.
The orc warrior is severely wounded.
You hear a howl!
The orc warrior hits you with a +0 glaive!!
* * * LOW HITPOINT WARNING * * *
A red film seems to cover your vision as you go berserk!
You feel yourself moving faster!
You feel mighty!
The orc warrior hits you with a +0 glaive.
* * * LOW HITPOINT WARNING * * *
You completely miss the orc warrior.
The orc warrior is severely wounded.
You barely miss the orc warrior.
The orc warrior is severely wounded.
The orc priest calls down the wrath of Beogh upon you.
Beogh smites you!
You die...

#########..###
#.....
#####.####
#.......#
#.###.#.#
##.###.#.#
########...##.#
#
#......?......#
#@######...##.#
#o# .###.#.#
#o# .# #..#


oo# ## #.# #D# .# ... # ### You could see a steam dragon, an orc warrior, an orc
priest and 2 orcs.

Vanquished Creatures
  2 two-headed ogres
  Grinder (D:5)
  10 yaks
  A wyvern (D:7)
  A steam dragon (D:8)
  Menkaure (D:4)
  2 orc warriors (D:7)
  2 black bears
  2 ogres
  A kobold brigand (D:8)
  3 centaurs
  3 phantoms
  A bullfrog (D:8)
  21 wights
  6 killer bees (D:9)
  2 electric eels (D:6)
  2 howler monkeys (D:9)
  4 hounds
  3 jellies
  3 orc priests
  5 orc wizards
  6 gnolls (D:6)
  8 adders
  3 white imps
  6 worms
  19 orcs
  8 ball pythons
  5 endoplasms
  2 giant cockroaches
  33 goblins
  27 hobgoblins
  6 jackals
  17 kobolds
  A quokka (D:4)
  9 bats
  A frilled lizard (D:3)
  4 rats
  A spectral kobold (D:5)
232 creatures vanquished.

Vanquished Creatures (others)
  13 fungi (D:8)
  A plant (D:6)
14 creatures vanquished.

Grand Total: 246 creatures vanquished

Notes
Turn   | Place    | Note
-------+----------+-------------------------------------------
     0 | D:1      | Gabide the Naga Monk began the quest for the Orb.
     0 | D:1      | Reached XP level 1. HP: 21/21 MP: 1/1
   122 | D:1      | Found Goaboump's Armour Emporium.
   183 | D:1      | Reached XP level 2. HP: 27/28 MP: 2/2
   800 | D:1      | Found a faded altar of an unknown god.
  1004 | D:2      | Noticed Sigmund
  1128 | D:2      | Reached XP level 3. HP: 29/34 MP: 3/3
  1200 | D:2      | Found a burning altar of Makhleb.
  1502 | D:1      | Reached skill level 4 in Stealth
  2267 | D:3      | Reached XP level 4. HP: 37/42 MP: 4/4
  3286 | D:4      | Noticed Menkaure
  3288 | D:4      | Killed Menkaure
  3289 | D:4      | Reached skill level 5 in Stealth
  3289 | D:4      | Reached XP level 5. HP: 50/50 MP: 5/5
  3400 | D:4      | Reached XP level 6. HP: 57/57 MP: 6/6
  3586 | D:4      | Noticed a black bear
  3591 | D:4      | Gained mutation: You are dopey. (Int -2) [potion of
                  | mutation]
  3591 | D:4      | Gained mutation: Your flesh is heat resistant. (rF+)
                  | [potion of mutation]
  3610 | D:4      | Killed a black bear
  4075 | D:4      | Reached skill level 6 in Stealth
  4250 | D:5      | Entered Level 5 of the Dungeon
  4262 | D:5      | Noticed Grinder
  4314 | D:5      | Killed Grinder
  4315 | D:5      | Reached XP level 7. HP: 31/66 MP: 7/7
  4561 | D:5      | Reached skill level 5 in Fighting
  4929 | D:5      | Found a hazy altar of Hepliaklqana.
  5128 | D:5      | Reached skill level 5 in Short Blades
  5262 | D:5      | Reached skill level 7 in Stealth
  5310 | D:5      | Reached XP level 8. HP: 74/74 MP: 8/8
  6454 | D:6      | Reached skill level 8 in Stealth
  7175 | D:6      | Noticed a yak
  7176 | D:6      | Noticed a yak
  7297 | D:7      | Found a staircase to the Ecumenical Temple.
  7306 | Temple   | Entered the Ecumenical Temple
  7306 | Temple   | Found a transporter.
  7306 | Temple   | Found a transporter.
  7308 | Temple   | Found a transporter.
  7308 | Temple   | Found a transporter.
  7334 | Temple   | Became a worshipper of Dithmenos the Shadowed
  7334 | Temple   | Reached * piety under Dithmenos
  7334 | Temple   | Reached ** piety under Dithmenos
  7400 | D:7      | Found a shimmering blue altar of Sif Muna.
  7403 | D:7      | Found a broken altar of Ashenzari.
  7403 | D:7      | Found a hide-covered altar of Uskayaw.
  8203 | D:1      | Bought a +2 robe of willpower for 212 gold pieces
  8203 | D:1      | Bought a +0 helmet for 54 gold pieces
  8346 | D:7      | Noticed a wyvern
  8355 | D:7      | Killed a wyvern
  8356 | D:7      | Reached skill level 5 in Dodging
  8534 | D:7      | Reached skill level 9 in Stealth
  8607 | D:7      | Reached XP level 9. HP: 68/85 MP: 7/9
  8738 | D:7      | Found Asyimoum's Book Shop.
  8740 | D:7      | Found Laecofu's Assorted Antiques.
  8741 | D:7      | Found Taxa Acw's Distillery.
  8741 | D:7      | Found Zyfesmez's Assorted Antiques.
  8745 | D:7      | Bought a scroll labelled PARCHI GEVVIW for 33 gold pieces
  8745 | D:7      | Bought a blue potion for 29 gold pieces
  8745 | D:7      | Bought a scroll labelled LICIDAUDYA for 33 gold pieces
  8750 | D:7      | Bought a potion of might for 44 gold pieces
  9177 | D:6      | Found a blossoming altar of Fedhas.
  9236 | D:6      | Reached skill level 10 in Stealth
 10606 | D:6      | Reached *** piety under Dithmenos
 11259 | D:6      | Found a bloodstained altar of Trog.
 11614 | D:8      | Found a staircase to the Lair.
 11622 | D:8      | Identified the +5 rapier "Orb Guardian's Regret" {holy,
                  | Dex+7}
 11650 | D:8      | Reached skill level 11 in Stealth
 11653 | D:8      | Reached XP level 10. HP: 87/94 MP: 10/10
 11834 | D:8      | Noticed a two-headed ogre
 11837 | D:8      | Killed a two-headed ogre
 12134 | D:8      | Found a glowing silver altar of Zin.
 12134 | D:8      | Found an opulent altar of Gozag.
 12196 | D:8      | Reached skill level 12 in Stealth
 12671 | D:8      | Identified the +1 leather armour of the True Pharaoh
                  | {rPois}
 12680 | D:8      | Reached **** piety under Dithmenos
 13236 | D:9      | Noticed a two-headed ogre
 13251 | D:9      | Killed a two-headed ogre
 13252 | D:9      | Reached XP level 11. HP: 21/104 MP: 2/11
 13681 | D:9      | HP: 6/156 [orc warrior/+0 glaive (5)]
 13683 | D:9      | Killed from afar by an orc priest

Illustrated notes

Levels and vault maps discovered:
D:1:      wheals_arrival_shading, layout_loops_ring,
          shapermc_ecumenical_altar_mp_ritualfount, serial_shops,
          nicolae_shop_stone
D:2:      layout_basic, basic_altar, uniq_sigmund
D:3:      layout_basic
D:4:      layout_loops_ring, hangedman_decor_peaks_small,
          hangedman_decor_slide_cut, uniq_menkaure
D:5:      wander_river, layout_basic, nicolae_hepliaklqana_monster_ancestors,
          minmay_crystal_room, uniq_grinder
D:6:      minmay_goblin_kobold_castle, layout_loops_cross, trog_hazing_becter,
          fedhas_altar_1, grunt_decor_clamped
D:7:      layout_rooms, grunt_temple_overflow_open,
          minmay_temple_entry_metal_lava, nicolae_wooded_promenade
D:8:      layout_loops_cross, grunt_temple_overflow_gold_and_silver,
          lair_entry_dummy, dreamdust_mushroom_princess
D:9:      layout_loops_ring, mainiacjoe_overflow_big_doors,
          mainiacjoe_overflow_boulevard, minmay_ruined_shrine, uniq_psyche
Temple:   hellmonk_temple_divided_pantheon

Skill      XL: |  1  2  3  4  5  6  7  8  9 10 |
---------------+-------------------------------+-----
Stealth        | 4 5 6 7 9 11 12 | 12.9
Dodging        | 3 4 5 6 7 |  7.3
Fighting       | 4 5 6 7 8 |  8.8
Short Blades   | 4 5 6 7 8 |  8.8

Action                   |  1- 3 |  4- 6 |  7- 9 | 10-12 || total
-------------------------+-------+-------+-------+-------++-------
Melee: Short sword       |    58 |    66 |   427 |       ||   551
       Punch             |       |       |     7 |     3 ||    10
       Rapier            |       |       |     8 |   186 ||   194
 Fire: Sling             |       |       |    13 |       ||    13
Throw: Dart              |       |     6 |    15 |       ||    21
 Abil: Spit Poison       |    46 |    35 |    34 |     6 ||   121
Evoke: Wand              |       |       |    24 |     1 ||    25
  Use: Scroll            |     1 |     4 |    14 |       ||    19
       Potion            |       |     4 |     3 |     1 ||     8
 Stab: Sleeping          |     2 |     6 |     7 |     8 ||    23
       Invisible         |       |     1 |     4 |       ||     5
       Paralysed         |       |       |     5 |       ||     5
       Distracted        |       |       |     1 |       ||     1
Armor: Robe              |     6 |    22 |    94 |    24 ||   146
       Skin              |       |       |    41 |       ||    41
Dodge: Dodged            |    23 |    48 |   343 |   121 ||   535
